 Seeded DCSS version 0.30-a0-377-g5cb311bc9f (webtiles) character file.

Game seed: 12882034922843276435 (custom seed)

397 purpskrrrp the Skirmisher (level 6, -2/34 HPs)
             Began as a Deep Elf Hunter on Nov 28, 2022.
             Slain by a wraith (10 damage)
             ... in an ossuary.
             The game lasted 00:04:09 (2565 turns).

purpskrrrp the Skirmisher (Deep Elf Hunter)         Turns: 2565, Time: 00:04:10

Health: -2/34      AC:  8    Str: 10    XL:     6   Next: 53%
Magic:  8/8        EV: 12    Int: 14    God:
Gold:   1056       SH:  0    Dex: 20    Spells: 5/5 levels left

rFire   . . .      SeeInvis .    b - +2 long sword of Entrepreneurial Spirit {vorpal, Str+2}
rCold   + . .      Faith    .    (no shield)
rNeg    . . .      Spirit   .    c - +0 leather armour
rPois   .          Reflect  .    f - +0 helmet
rElec   .          Harm     .    q - scarf {repulsion}
rCorr   .          Rampage  .    (no gloves)
Will    .....                    (no boots)
Stlth   ++........               (no amulet)
HPRegen 0.25/turn                e - ring of Ossifiy {rC+ AC+4}
MPRegen 0.11/turn                (no ring)

@: slowed, repel missiles, very slow
A: no striking features
a: no special abilities


You were in an ossuary.
You visited 1 branch of the dungeon, and saw 4 of its levels.
You also visited: Ossuary.

You collected 1056 gold pieces.

Inventory:

Hand Weapons
 a - a +0 shortbow
 b - the +2 long sword of Entrepreneurial Spirit (weapon) {vorpal, Str+2}
   (You found it on level 4 of the Dungeon)

   It inflicts extra damage upon your enemies.
   Str:       It affects your strength (+2).
Armour
 c - a +0 leather armour (worn)
 f - a +0 helmet (worn)
 k - a scarf of shadows
 q - a scarf of repulsion (worn)
Jewellery
 e - the ring of Ossifiy (left hand) {rC+ AC+4}
   (You acquired it on level 1 of the Dungeon)

   [ring of protection]

   AC:        It affects your AC (+4).
   rC:        It protects you from cold.
 j - a ring of flight
 n - a ring of poison resistance
Scrolls
 d - a scroll of noise {unknown}
 g - a scroll of enchant armour {unknown}
 h - 2 scrolls of blinking {unknown}
 i - 2 scrolls of butterflies {unknown}
 m - a scroll of teleportation {unknown}
 o - a scroll of magic mapping {unknown}
 s - a scroll of brand weapon {unknown}
 t - a scroll of poison {unknown}
 u - a scroll of immolation
Potions
 l - 2 potions of heal wounds {unknown}
 p - a potion of attraction {unknown}
 r - a potion of invisibility {unknown}
 v - a potion of curing {unknown}
 w - a potion of cancellation {unknown}
 x - 2 potions of flight {unknown}


   Skills:
 - Level 1.5 Fighting
 + Level 10.4 Ranged Weapons
 - Level 2.4 Dodging
 - Level 1.2 Stealth


You had 5 spell levels left.
You didn't know any spells.
Your spell library was empty.

Dungeon Overview and Level Annotations

Branches:
Dungeon (4/15)            Ossuary (1/1)
 Temple: D:4-7

Altars:
Sif Muna
Wu Jian


Message History

A wraith comes into view.
Found six items.
There is an open door here.
The wraith hits you.
You hit the wraith but do no damage. The wraith barely misses you.
You hit the wraith.
The wraith is lightly damaged.
The wraith misses you.
You hit the wraith but do no damage. You punch the wraith, but do no damage.
The wraith is lightly damaged.
The wraith barely misses you. The wraith hits you!
You barely miss the wraith.
The wraith is lightly damaged.
The wraith closely misses you.
You barely miss the wraith.
The wraith is lightly damaged.
The wraith hits you but does no damage. The wraith hits you.
The wraith drains your vigour!
You feel yourself slow down.
You hit the wraith.
The wraith is lightly damaged.
The wraith hits you!
* * * LOW HITPOINT WARNING * * *
The wraith barely misses you.
You closely miss the wraith.
The wraith is lightly damaged.
The wraith hits you but does no damage. x2
You closely miss the wraith.
The wraith is lightly damaged.
The wraith misses you. The wraith hits you but does no damage.
You closely miss the wraith.
The wraith is lightly damaged.
The wraith hits you but does no damage. The wraith closely misses you.
You hit the wraith but do no damage.
The wraith is lightly damaged.
The wraith hits you.
* * * LOW HITPOINT WARNING * * *
The wraith drains your vigour!
You feel as though you will be slow longer.
The wraith hits you!
You die...

###########################
#.........................#
#.∩.....................∩.#
#.......#####+#####.......#
#......##.... .##......#
#.....##...#####.. ##.....#
#....##...##...##. ##....#
#....#...##.!!?.## #....#
#....'...'@W!?.!.# +....#
#....#...##.....## #....#
#....##...##...##. ##....#
#.....##...#####.. ##.....#
#......##.... .##......#
#.......#####+#####.......#
#.∩.....................∩.#
#.........................#
############'''############


You could see a wraith.

Vanquished Creatures
  Menkaure (D:4)
  An ogre (D:4)
  A scorpion (D:4)
  A mummy (Ossuary)
  4 gnolls (D:2)
  2 adders (D:2)
  7 bats
  5 endoplasms
  A giant cockroach (D:2)
  4 hobgoblins
  3 jackals (D:2)
  3 kobolds
  2 quokkas
  A ball python (D:4)
  3 frilled lizards (D:1)
  3 gnoll skeletons (Ossuary)
  3 goblins (D:1)
  8 kobold skeletons (Ossuary)
  14 orc skeletons (Ossuary)
  5 rats
72 creatures vanquished.

Vanquished Creatures (collateral kills)
  A ball python (D:4)
1 creature vanquished.

Grand Total: 73 creatures vanquished

Notes
Turn   | Place    | Note
-------+----------+-------------------------------------------
     0 | D:1      | purpskrrrp the Deep Elf Hunter began the quest for the Orb.
     0 | D:1      | Reached XP level 1. HP: 12/12 MP: 3/3
   196 | D:1      | Reached skill level 6 in Ranged Weapons
   196 | D:1      | Reached XP level 2. HP: 16/16 MP: 4/4
   268 | D:1      | Identified a scroll of acquirement
   268 | D:1      | Acquired the ring of Ossifiy {rC+ AC+4}
  1179 | D:2      | Reached XP level 3. HP: 20/20 MP: 5/5
  1523 | D:2      | Reached skill level 7 in Ranged Weapons
  1562 | D:2      | Reached XP level 4. HP: 12/25 MP: 6/6
  2002 | D:4      | Noticed a scorpion
  2010 | D:4      | Acquired 971 gold pieces
  2012 | D:4      | Killed a scorpion
  2013 | D:4      | Reached skill level 8 in Ranged Weapons
  2013 | D:4      | Reached XP level 5. HP: 29/29 MP: 7/7
  2072 | D:4      | Found a shimmering blue altar of Sif Muna.
  2097 | D:4      | Identified the +2 long sword of Entrepreneurial Spirit
                  | {vorpal, Str+2}
  2113 | D:4      | Noticed Menkaure
  2120 | D:4      | Killed Menkaure
  2121 | D:4      | Reached skill level 9 in Ranged Weapons
  2121 | D:4      | Reached XP level 6. HP: 7/34 MP: 8/8
  2254 | D:4      | Reached skill level 10 in Ranged Weapons
  2255 | D:4      | Found an ornate altar of the Wu Jian Council.
  2276 | D:4      | Found a sand-covered staircase.
  2284 | Ossuary  | Entered an ossuary
  2284 | Ossuary  | Noticed a wraith
  2284 | Ossuary  | Noticed a wraith
  2284 | Ossuary  | Noticed a wraith
  2553 | Ossuary  | Noticed a wraith
  2565 | Ossuary  | Slain by a wraith

Illustrated notes

Levels and vault maps discovered:
D:1:      eino_arrival_water_cross, layout_basic
D:2:      layout_basic, solitary_fountain
D:3:      layout_loops_ring, mainiacjoe_overflow_24_doors,
          basic_ecumenical_altar, minmay_misc_feat_rows,
          kennysheep_small_spiral, wander_ebering_terrifying_dragon_lair
D:4:      layout_loops_ring, led_sif_book, mainiacjoe_overflow_chevrons,
          nicolae_ossuary_entry_plus, serial_shops, nicolae_shop_waterfront,
          nicolae_hexahallways, uniq_menkaure
Ossuary:  ossuary_due_mausoleum

Skill      XL: |  1  2  3  4  5  6 |
---------------+-------------------+-----
Ranged Weapons | 6 7 8 9 10 | 10.4
Fighting       | |  1.5
Dodging        | |  2.4
Stealth        | |  1.2

Action                   |  1- 3 |  4- 6 || total
-------------------------+-------+-------++-------
Melee: Long sword        |       |    61 ||    61
       Punch             |       |     1 ||     1
 Fire: Shortbow          |    83 |    16 ||    99
  Use: Scroll            |     2 |     2 ||     4
Armor: Leather armour    |     8 |    46 ||    54
Dodge: Dodged            |    18 |    81 ||    99
       Repelled          |       |     2 ||     2

Table legend: (Time is in decaauts)
 A = Elapsed time spent in this place.
 B = Non-inter-level travel time spent in this place.
 C = Inter-level travel time spent in this place.
 D = Time resting spent in this place.
 E = Time spent auto-exploring this place.
 F = Levels seen in this place.
 G = Mean time per level.
                   A        B        C        D        E       F      G
               +--------+--------+--------+--------+--------+-----+--------+
         Total |   2613 |   2432 |    181 |    152 |   1649 |   5 |  522.6 |
       Dungeon |   2309 |   2128 |    181 |    152 |   1590 |   4 |  577.2 |
       Ossuary |    303 |    303 |      0 |      0 |     59 |   1 |  303.0 |
               +--------+--------+--------+--------+--------+-----+--------+

Top non-repeatable levels by time:
     D:1: 1108 daAuts
     D:2: 889 daAuts
 Ossuary: 303 daAuts
     D:4: 286 daAuts
     D:3: 25 daAuts
